 Dungeon Crawl Stone Soup version 0.27-a0-404-g4390dbc5be (webtiles) character file.

Game seed: 18164561980522261215

5 Nattfarinn the Grave Robber (level 1, 0/13 HPs)
             Began as a Demonspawn Necromancer on Feb 22, 2021.
             Slain by a bat (1 damage)
             ... on level 1 of the Dungeon.
             The game lasted 00:00:48 (131 turns).

Nattfarinn the Grave Robber (Demonspawn Necromancer) Turns: 131, Time: 00:00:48

Health: 0/13       AC:  2    Str:  8    XL:     1   Next: 66%
Magic:  0/3        EV: 12    Int: 22    God:
Gold:   0          SH:  0    Dex: 13    Spells: 3/4 levels left

rFire    . . .     SeeInvis .   d - +0 dagger
rCold    . . .     Faith    .   (no shield)
rNeg     . . .     Spirit   .   a - +0 robe
rPois    .         Reflect  .   (no helmet)
rElec    .         Harm     .   (no cloak)
rCorr    .         Rampage  .   (no gloves)
Will     .....                  (no boots)
Stlth    ++........             (no amulet)
HPRegen  0.04/turn              b - +6 ring of intelligence
MPRegen  0.08/turn              (no ring)

@: no status effects
A: no striking features
a: no special abilities


You were on level 1 of the Dungeon.
You visited 1 branch of the dungeon, and saw 1 of its levels.

Inventory:

Hand Weapons
 d - a +0 dagger (weapon)
Armour
 a - a +0 robe (worn)
Jewellery
 b - a +6 ring of intelligence (left hand)
Scrolls
 c - a scroll of teleportation {unknown}


   Skills:
 - Level 1.7 Dodging
 - Level 1.7 Stealth
 - Level 2.0 Spellcasting
 * Level 4.7 Necromancy


You had 3 spell levels left.
You knew the following spells:

 Your Spells              Type           Power        Failure   Level
a - Pain                  Necr           92%          1%          1

Your spell library contained the following spells:

 Spells                   Type           Power        Failure   Level
 Animate Skeleton         Necr           46%          1%          1
 Vampiric Draining        Necr           11%          6%          3
 Animate Dead             Necr           11%          19%         4
 Agony                    Necr           23%          47%         5


Dungeon Overview and Level Annotations

Branches:
Dungeon (1/15)

Altars:


Message History

The bat closely misses you. The bat misses you.
There is an open door here.
You see here a +0 dagger.
d - a +0 dagger The bat closely misses you.
The kobold throws a stone.
The stone closely misses you. The bat completely misses you.
The bat hits you but does no damage.
Really attack while wielding nothing?
Okay, then.
d - a +0 dagger (weapon)
You hit the bat.
The bat is severely wounded.
The bat barely misses you. The bat hits you but does no damage.
The kobold closely misses you.
The kobold throws a stone.
The stone completely misses you.
You closely miss the bat.
The bat is severely wounded.
The bat hits you but does no damage. The bat closely misses you.
The bat misses you. The bat closely misses you.
The kobold throws a stone.
The stone barely misses you.
You barely miss the bat.
The bat is severely wounded.
The bat hits you. The bat closely misses you. The bat barely misses you.
The kobold hits you.
You closely miss the bat.
The bat is severely wounded.
The bat hits you but does no damage. The hobgoblin hits you.
* * * LOW HITPOINT WARNING * * *
The kobold hits you.
* * * LOW HITPOINT WARNING * * *
The bat barely misses you.
Casting: Pain (safe; 1% risk of failure)
Confirm with . or Enter, or press ? or * to list all spells.
Aiming: Pain (safe; 1% risk of failure)
Press: ? - help, Shift-Dir - straight line, f - hobgoblin
Aim: a hobgoblin (chance to affect: 92%)
The hobgoblin writhes in agony.
The bat hits you.
You die...

#.# ####### #.#
....... #.# .......
#.# ....... #.#
....... #.# .......
####+####.#####.......
........g.....'.......
.......@K.....#.......
...#####b.....#######.
#......# #......#
##......# #.......#
#.####### #.# #.#


You could see a hobgoblin, a bat and a kobold.

Vanquished Creatures
  A dart slug (D:1)
  2 goblins (D:1)
3 creatures vanquished.

Notes
Turn   | Place    | Note
-------+----------+-------------------------------------------
     0 | D:1      | Nattfarinn the Demonspawn Necromancer began the quest for
                  | the Orb.
     0 | D:1      | Reached XP level 1. HP: 13/13 MP: 3/3
   131 | D:1      | Slain by a bat

Illustrated notes

Levels and vault maps discovered:
D:1:      psy_arrival_terrarium, layout_basic, minmay_misc_feat_roman

Action                   || total
-------------------------++-------
Melee: Dagger            ||     4
 Cast: Pain              ||     8
Armor: Robe              ||     5
Dodge: Dodged            ||    15

Table legend: (Time is in decaauts)
 A = Elapsed time spent in this place.
 B = Non-inter-level travel time spent in this place.
 C = Inter-level travel time spent in this place.
 D = Time resting spent in this place.
 E = Time spent auto-exploring this place.
 F = Levels seen in this place.
 G = Mean time per level.
                   A        B        C        D        E       F      G
               +--------+--------+--------+--------+--------+-----+--------+
         Total |    130 |    130 |      0 |     34 |     60 |   1 |  130.0 |
       Dungeon |    130 |    130 |      0 |     34 |     60 |   1 |  130.0 |
               +--------+--------+--------+--------+--------+-----+--------+

Top non-repeatable levels by time:
     D:1: 130 daAuts
